 Dungeon Crawl Stone Soup version 0.31.0-32-g396128a36d (webtiles) character file.

Game seed: 6077144223377577101

579 monsoonserge the Ruffian (level 7, -12/45 HPs)
             Began as an Octopode Shapeshifter on Apr 8, 2024.
             Mangled by an ice beast (14 damage)
             ... on level 5 of the Dungeon.
             The game lasted 00:11:30 (3465 turns).

monsoonserge the Ruffian (Octopode Shapeshifter)    Turns: 3465, Time: 00:11:30

Health: -12/45     AC:  1    Str: 21    XL:     7   Next: 36%
Magic:  7/7        EV: 13    Int: 13    God:
Gold:   76         SH:  6    Dex: 17    Spells: 6/6 levels left

rFire   . .          .
                       - Unarmed
rCold   . . .        t - +2 buckler
rNeg    . . .        (helmet currently unavailable)
rPois   .            (no amulet)
rElec   .            l - +6 ring of dexterity
rCorr   .            o - +6 ring of strength
SInv    .            (no ring)
Will    .....        (no ring)
Stlth   +++          (no ring)
HPRegen 0.27/turn    (no ring)
MPRegen 0.10/turn    (no ring)
                     (no ring)

%: no passive effects
@: beast-form
A: beast (slay +2), almost no armour, amphibious, 8 rings, camouflage 1,
gelatinous body 1, (nimble swimmer 1), tentacles
a: Begin Untransformation


You were on level 5 of the Dungeon.
You were a hulking beast.
You visited 1 branch of the dungeon, and saw 5 of its levels.

You collected 201 gold pieces.
You spent 125 gold pieces at shops.

Inventory:

Missiles
 u - a throwing net (quivered)
Armour
 t - a +2 buckler (worn)
Jewellery
 l - a +6 ring of dexterity (left tentacle)
 o - a +6 ring of strength (right tentacle)
Talismans
 b - a beast talisman
 c - a flux talisman
Wands
 i - a wand of flame (9)
 s - a wand of quicksilver (10)
Scrolls
 d - 4 scrolls of teleportation
 e - 6 scrolls of identify {unknown}
 f - 2 scrolls of revelation {unknown}
 k - a scroll of immolation {unknown}
 m - a scroll of poison {unknown}
 n - a scroll of torment {unknown}
 p - a scroll of blinking {unknown}
Potions
 a - a potion of lignification
 g - 5 potions of heal wounds {unknown}
 h - 3 potions of curing {unknown}
 j - a potion of mutation {unknown}
 q - a potion of magic {unknown}
 r - a potion of cancellation {unknown}
 v - 2 potions of degeneration {unknown}


   Skills:
 - Level 2.0 Fighting
 - Level 2.0 Dodging
 - Level 1.0 Stealth
 * Level 7.6 Unarmed Combat
 - Level 1.0 Evocations
 - Level 3.5 Shapeshifting


You had 6 spell levels left.
You didn't know any spells.
Your spell library contained the following spells:

 Spells                   Type           Power      Damage    Failure   Level
 Ensorcelled Hibernation  Hex/Ice        0%         N/A       52%         2
 Momentum Strike          Conj/Tloc      0%         3d8       52%         2
 Hailstorm                Conj/Ice       0%         3d5       75%         3
 Passwall                 Erth           0%         N/A       75%         3
 Swiftness                Air            0%         N/A       75%         3
 Death Channel            Necr           0%         N/A       100%        6
 Infestation              Necr           0%         N/A       100%        8


Dungeon Overview and Level Annotations

Branches:
Dungeon (5/15)
 Temple: D:4-7

Altars:
Dithmenos
Hepliaklqana

Shops:
D:3 =?**?


Innate Abilities, Weirdness & Mutations

You are a hulking beast.
Your limbs bulge with bestial killing power. (Slay +2)
You cannot wear most types of armour.
You are amphibious.
You can wear up to eight rings at the same time.
Your skin changes colour to match your surroundings (Stealth+).
Your rubbery body absorbs attacks. (AC +1, EV +1)
((You are camouflaged when in or above water. (Stealth+)))
You have tentacles for arms and can constrict up to eight enemies at once.


Message History

You open the large door.
There is a large open door here.
Found 4 stones.
There is a stone staircase leading down here.
You see here a +0 ring mail.
The ice beast barely misses you.
You see here 2 golden potions.
v - 2 golden potions The ice beast hits you.
The ice beast freezes you!
You tentacle-slap the ice beast.
The ice beast is lightly wounded.
The ice beast hits you. The ice beast freezes you!
Aiming: Throw Flame
Press: ? - help, Shift-Dir - straight line, f - ice beast
Aim: an ice beast (lightly wounded, 68% to hit)
The puff of flame hits the ice beast.
The ice beast melts!
The ice beast is moderately wounded.
The ice beast hits you. The ice beast freezes you!
* * * LOW HITPOINT WARNING * * *
Aiming: Throw Flame
Press: ? - help, Shift-Dir - straight line, f/p - ice beast
Aim: an ice beast (moderately wounded, 68% to hit)
The puff of flame hits the ice beast.
The ice beast melts!
The ice beast is heavily wounded.
The ice beast hits you but does no damage.
Aiming: Throw Flame
Press: ? - help, Shift-Dir - straight line, f/p - ice beast
Aim: an ice beast (heavily wounded, 68% to hit)
The puff of flame hits the ice beast.
The ice beast melts!
The ice beast is severely wounded.
The ice beast barely misses you.
Aiming: Throw Flame
Press: ? - help, Shift-Dir - straight line, f/p - ice beast
Aim: an ice beast (severely wounded, 68% to hit)
The puff of flame hits the ice beast.
The ice beast is severely wounded.
The ice beast hits you.
* * * LOW HITPOINT WARNING * * *
The ice beast freezes you!
You die...

#.#>..# #.##.#.#
## #
#...###.##.### #.
#........#.# #.
#[.......#.# ####.
#...#####
(....####.<.######
#.............
#..####..####.
#hY..# ..# ##..##
..# #..# .## #....
.# #.......
########


You could see an ice beast.

Vanquished Creatures
  Menkaure (D:4)
  A phantom (D:5)
  A scorpion (D:4)
  A hound (D:3)
  Jessica (D:3)
  An iguana (D:4)
  An orc wizard (D:5)
  Robin (D:2)
  4 adders
  7 gnolls
  2 ufetubi (D:4)
  3 dart slugs
  3 ribbon worms (D:2)
  5 orcs
  8 ball pythons
  4 bats
  4 endoplasms
  6 giant cockroaches
  7 hobgoblins
  2 jackals (D:4)
  4 quokkas
  2 frilled lizards
  14 goblins
  5 kobolds
  3 rats (D:2)
91 creatures vanquished.

Notes
Turn   | Place    | Note
-------+----------+-------------------------------------------
     0 | D:1      | monsoonserge the Octopode Shapeshifter began the quest for
                  | the Orb.
     0 | D:1      | Reached XP level 1. HP: 13/13 MP: 1/1
    81 | D:1      | Reached skill level 1 in Stealth
    81 | D:1      | Reached XP level 2. HP: 17/18 MP: 2/2
   219 | D:1      | You fall into a shaft and drop 1 floor!
   252 | D:2      | Reached XP level 3. HP: 16/24 MP: 3/3
   522 | D:2      | Noticed Robin
   612 | D:2      | Reached XP level 4. HP: 14/29 MP: 4/4
   615 | D:2      | Killed Robin
   616 | D:2      | Reached skill level 4 in Unarmed Combat
  1337 | D:3      | Found Xoessoych's Magic Scroll Shoppe.
  1346 | D:3      | Bought a scroll of noise for 14 gold pieces
  1456 | D:3      | Found Atod's General Store.
  1465 | D:3      | Noticed Jessica
  1538 | D:3      | Found Qoj Hera's Jewellery Shoppe.
  1620 | D:3      | Found Kunuveps's Magic Scroll Shop.
  1624 | D:3      | Got the Almanac of Necrotic Kinetic Energy
  1630 | D:3      | Bought a scroll of teleportation for 39 gold pieces
  1734 | D:3      | Found Poizuer's Assorted Antiques.
  1746 | D:3      | Bought a green potion for 22 gold pieces
  1746 | D:3      | Bought a scroll labelled QIUMAF XINAO for 25 gold pieces
  1834 | D:3      | Killed Jessica
  1835 | D:3      | Reached skill level 1 in Evocations
  1835 | D:3      | Reached XP level 5. HP: 34/34 MP: 5/5
  1861 | D:3      | Bought a scroll labelled ZICRESCHUZO for 25 gold pieces
  1888 | D:3      | Found a shadowy altar of Dithmenos.
  2202 | D:4      | Found a hazy altar of Hepliaklqana.
  2230 | D:3      | Reached skill level 5 in Unarmed Combat
  2383 | D:4      | Noticed Menkaure
  2394 | D:4      | Killed Menkaure
  2395 | D:4      | Reached skill level 6 in Unarmed Combat
  2395 | D:4      | Reached XP level 6. HP: 21/39 MP: 6/6
  3033 | D:5      | Entered Level 5 of the Dungeon
  3038 | D:5      | Noticed an ice beast
  3116 | D:5      | Reached skill level 7 in Unarmed Combat
  3116 | D:5      | Reached XP level 7. HP: 27/45 MP: 7/7
  3465 | D:5      | HP: 2/45 [ice beast (2)]
  3465 | D:5      | Mangled by an ice beast

Illustrated notes

Levels and vault maps discovered:
D:1:      scummos_arrival_checkerplants, layout_basic
D:2:      layout_loops_corners, minmay_diced_spiral, uniq_robin
D:3:      layout_basic, grunt_dithmenos_smoke, serial_shops, shop, shop, shop,
          nicolae_shop_real_fake_doors, shop, kennysheep_crisscross,
          uniq_jessica
D:4:      layout_basic, mainiacjoe_overflow_cross_hatched, kennysheep_path_1,
          uniq_menkaure
D:5:      layout_basic, minivault_14, eino_small_chamber_without_monster,
          minmay_misc_feat_diagonals, minmay_misc_feat_rugged, uniq_pikel

Skill      XL: |  1  2  3  4  5  6 |
---------------+-------------------+-----
Stealth        | 1 |  1.0
Fighting       | 2 |  2.0
Unarmed Combat | 4 6 7 |  7.6
Evocations     | 1 |  1.0
Dodging        | |  2.0
Shapeshifting  | |  3.5

Action                     |  1- 3 |  4- 6 |  7- 9 || total
---------------------------+-------+-------+-------++-------
  Melee: Unarmed           |    66 |    93 |    16 ||   175
         Constrict         |    23 |    18 |     4 ||    45
         Tentacles         |    10 |    23 |     1 ||    34
         Punch             |     1 |     3 |     4 ||     8
  Evoke: Wand              |       |     7 |     6 ||    13
   Stab: Sleeping          |     2 |    12 |       ||    14
 Armour: Skin              |    30 |    35 |    17 ||    82
  Dodge: Dodged            |    44 |    71 |     5 ||   120
  Block: Buckler           |       |       |     4 ||     4
